 Dungeon Crawl Stone Soup version 0.29.1-13-g9f3cf754e1 (webtiles) character file.

Game seed: 6754782638127121362

40 Chiseanne the Trooper (level 3, -4/29 HPs)
             Began as a Demonspawn Wanderer on Feb 10, 2023.
             Slain by a gnoll
             ... wielding a +0 flail
              (9 damage)
             ... on level 1 of the Dungeon.
             The game lasted 00:03:36 (2269 turns).

Chiseanne the Trooper (Demonspawn Wanderer)         Turns: 2269, Time: 00:03:36

Health: -4/29      AC:  5    Str: 16    XL:     3   Next: 30%
Magic:  6/6        EV: 10    Int: 11    God:
Gold:   70         SH:  4    Dex: 12    Spells: 6/6 levels left

rFire   . . .      SeeInvis .   e - +0 rapier
rCold   . . .      Faith    .   (no shield)
rNeg    . . .      Spirit   .   a - +0 ring mail
rPois   .          Reflect  .   (no helmet)
rElec   .          Harm     .   (no cloak)
rCorr   .          Rampage  .   (no gloves)
Will    .....                   (no boots)
Stlth   +.........              (no amulet)
HPRegen 0.09/turn               (no ring)
MPRegen 0.10/turn               (no ring)

@: no status effects
A: condensation shield
a: no special abilities


You were on level 1 of the Dungeon.
You visited 1 branch of the dungeon, and saw 2 of its levels.

You collected 70 gold pieces.

Inventory:

Hand Weapons
 e - a +0 rapier (weapon)
Missiles
 j - 13 stones
Armour
 a - a +0 ring mail (worn)
Magical Staves
 d - a staff of conjuration
Scrolls
 b - a scroll of blinking
 f - a scroll of amnesia
 g - a scroll of silence {unknown}
Potions
 c - a potion of might {unknown}
 h - 2 potions of curing
 k - a potion of brilliance {unknown}


   Skills:
 * Level 3.5 Fighting
 - Level 1.0 Polearms
 * Level 1.3 Armour
 * Level 1.3 Dodging
 - Level 2.0 Spellcasting
 - Level 3.0 Summonings
 - Level 1.0 Evocations


You had 6 spell levels left.
You didn't know any spells.
Your spell library contained the following spells:

 Spells                   Type           Power      Damage    Failure   Level
 Summon Small Mammal      Summ           28%        N/A       16%         1
 Call Imp                 Summ           7%         N/A       24%         2
 Summon Guardian Golem    Hex/Summ       4%         N/A       65%         3


Dungeon Overview and Level Annotations

Branches:
Dungeon (2/15)

Altars:


Innate Abilities, Weirdness & Mutations

A meltable shield of frost defends you. (SH +4)


Message History

You kill the goblin!
g - a scroll labelled TELI CIYFYI
Things that are here:
a +0 dagger; a goblin corpse An endoplasm comes into view.
The endoplasm quivers.
The endoplasm hits you but does no damage.
You hit the endoplasm.
The endoplasm is moderately wounded.
The endoplasm closely misses you.
You puncture the endoplasm!
You kill the endoplasm! 2 gnolls come into view.
The gnoll shouts! x2
There are monsters nearby!
There is a stone staircase leading up here.
You start waiting.
A gnoll is nearby!
The gnoll hits you from afar with a +0 spear.
There is a stone staircase leading up here.
The gnoll hits you from afar with a +0 spear.
You climb upwards.
There is a stone staircase leading down here.
You hit the gnoll.
The gnoll is moderately wounded.
The gnoll barely misses you.
You closely miss the gnoll.
The gnoll is moderately wounded.
The gnoll hits you with a +0 flail. The gnoll barely misses you.
You completely miss the gnoll.
The gnoll is moderately wounded.
The gnoll hits you with a +0 flail.
You hit the gnoll.
The gnoll is heavily wounded.
The gnoll hits you with a +0 flail!
* * * LOW HITPOINT WARNING * * *
You hit the gnoll.
The gnoll is severely wounded.
The gnoll hits you with a +0 flail!
You die...

#.#######.#..###############
#.# #.##.#........###### #.#
#.#................# #.#
#.#..########.####.# #.#
#.#...........# #.# #.#
#.#...#######.# #.# #.#
#.#...# #.# #.#
#.#######.#.#g############.#
#.........#.#.@............#
#.#########.##############.#
### ### ###


You could see a gnoll.

Vanquished Creatures
  2 worms (D:2)
  2 dart slugs
  4 ball pythons
  5 bats
  2 endoplasms
  3 goblins
  3 hobgoblins
  2 frilled lizards
  3 kobolds
  3 rats (D:1)
29 creatures vanquished.

Notes
Turn   | Place    | Note
-------+----------+-------------------------------------------
     0 | D:1      | Chiseanne the Demonspawn Wanderer began the quest for the
                  | Orb.
     0 | D:1      | Chiseanne set off with the following items: a +1 spear, a
                  | scroll of blinking, a +0 leather armour; and the following
                  | spell memorised: Summon Small Mammal; and the following
                  | spells available to memorise: Call Imp, Summon Guardian
                  | Golem.
     0 | D:1      | Reached XP level 1. HP: 18/18 MP: 3/3
   373 | D:1      | Gained mutation: A meltable shield of frost defends you.
                  | (SH +4) [demonic ancestry]
   373 | D:1      | Reached XP level 2. HP: 23/24 MP: 5/5
  1308 | D:2      | Reached skill level 1 in Dodging
  1319 | D:2      | Reached skill level 1 in Armour
  1325 | D:2      | Found a faded altar of an unknown god.
  1866 | D:2      | Reached XP level 3. HP: 28/29 MP: 6/6
  2269 | D:1      | Slain by a gnoll

Illustrated notes

Levels and vault maps discovered:
D:1:      minmay_arrival_doors, layout_basic
D:2:      layout_basic, basic_ecumenical_altar, kennysheep_generic_room_12

Skill      XL: |  1  2 |
---------------+-------+-----
Dodging        | 1 |  1.3
Armour         | 1 |  1.3
Fighting       | |  3.5
Polearms       | |  1.0
Spellcasting   | |  2.0
Summonings     | |  3.0
Evocations     | |  1.0

Action                   || total
-------------------------++-------
Melee: Spear             ||    63
       Rapier            ||    46
  Use: Scroll            ||     4
Armor: Leather armour    ||    27
       Ring mail         ||     5
Dodge: Dodged            ||    51
Block: Other             ||     6
